cohdb
Replays
Latest Replays
All Replays
Popular Replays
Top Player Replays
Match Explorer
How It Works
Community
CoH3 Stats
Reddit
Sign in to upload your games and track your stats! →
Sign in with Steam
Match 42972381
Unlisted
Match 42972381
Overview
Messages
Build Orders
End
Panzergrenadier Squad
Kradschützen Motorcycle Team
Selects Panzerjäger Kommand Battlegroup
Selects Mine Fields
Panzergrenadier Squad
250 Light Carrier
Construct Light Support Kompanie
MG34 Team
Selects GrB 39 Grenade Launcher Requisition
2.5-tonne Medical Truck
Fire Support Elements
le.IG 18 Mechanized Group
MG34 Team
Veteran Squad Leaders
xXx_rayL33jean_xXx_42()
Commander_Utus
Pwnbot
m0rtie
Mansonfreakss
JVM
AltekHyper(FR)
Mowferless
0
0
Comments
sign in to comment!
No comments posted yet!